 Dungeon Crawl Stone Soup version 0.28.0-53-g5a82cb258f (webtiles) character file.

Game seed: 1782672773639196195

490 MiltankisOP the Cutter (level 7, 0/34 HPs)
             Began as a Vine Stalker Brigand on June 19, 2022.
             Slain by a killer bee (6 damage)
             ... on level 4 of the Dungeon.
             The game lasted 00:11:12 (3107 turns).

MiltankisOP the Cutter (Vine Stalker Brigand)       Turns: 3107, Time: 00:11:12

Health: 0/34       AC:  9    Str: 14    XL:     7   Next: 14%
Magic:  0/8        EV: 11    Int: 11    God:
Gold:   89         SH:  0    Dex: 17    Spells: 6/6 levels left

rFire   . . .      SeeInvis .   a - +2 dagger
rCold   . . .      Faith    .   (no shield)
rNeg    . . .      Spirit   +   b - +0 robe
rPois   .          Reflect  .   (no helmet)
rElec   .          Harm     .   c - +0 cloak
rCorr   .          Rampage  .   (no gloves)
Will    .....                   r - +1 pair of boots
Stlth   +++.......              s - amulet of regeneration
HPRegen 1.71/turn               w - +4 ring of protection
MPRegen 0.11/turn               (no ring)

@: lethally poisoned (0 -> 0)
A: fangs 2, regeneration 1, magic shield, antimagic bite, no potion heal 2
a: no special abilities


You were on level 4 of the Dungeon.
You visited 1 branch of the dungeon, and saw 4 of its levels.

You collected 89 gold pieces.

Inventory:

Hand Weapons
 a - a +2 dagger (weapon)
 g - a +0 rapier
Missiles
 d - 13 poisoned darts (quivered)
 e - 2 curare-tipped darts
 l - 8 boomerangs
Armour
 b - a +0 robe (worn)
 c - a +0 cloak (worn)
 r - a +1 pair of boots (worn)
Jewellery
 s - an amulet of regeneration (around neck)
 w - a +4 ring of protection (left hand)
Scrolls
 f - a scroll of summoning {unknown}
 i - a scroll of blinking {unknown}
 m - a scroll of noise
 o - 3 scrolls of enchant armour
 t - a scroll of fear
 v - a scroll of silence {unknown}
 y - a scroll of teleportation {unknown}
Potions
 h - 2 potions of curing {unknown}
 j - a potion of berserk rage {unknown}
 n - a potion of attraction {unknown}
 p - a potion of flight {unknown}
 q - 2 potions of mutation {unknown}
 u - a potion of degeneration {unknown}
 x - a potion of heal wounds {unknown}
 z - 2 potions of cancellation {unknown}
 A - a potion of invisibility {unknown}


   Skills:
 - Level 1.7 Fighting
 + Level 6.9 Short Blades
 - Level 1.7 Throwing
 - Level 0.7 Dodging
 - Level 4.8 Stealth


You had 6 spell levels left.
You didn't know any spells.
Your spell library was empty.

Dungeon Overview and Level Annotations

Branches:
Dungeon (4/15)
 Temple: D:4-7

Altars:
Gozag
Qazlal

Shops:
D:4 *

Annotations:
D:4 2 transporters, MiltankisOP's ghost, amateur MfTm


Innate Abilities, Weirdness & Mutations

You have extremely sharp teeth.
Your natural rate of healing is unusually fast.
When hurt, damage is shared between your health and your magic reserves.
Your bite disrupts and absorbs the magic of your enemies.
Potions cannot restore your health.


Message History

Your +0 pair of boots glows green for a moment.
You feel sick. The killer bee barely misses you. The killer bee stings you!
The killer bee stings you but does no damage.
The killer bee closely misses you. The killer bee barely misses you.
As you read the scroll labelled CUUXAR COQABRE, it crumbles to dust.
It is a scroll of identify.
m - a scroll of noise You feel sick.
The killer bee closely misses you.
The killer bee stings you but does no damage. x2
The killer bee barely misses you. The killer bee stings you!
The killer bee stings you.
You are more poisoned.
The killer bee poisons you!
As you read the scroll of identify, it crumbles to dust.
t - a scroll of fear You feel very sick.
The killer bee barely misses you. The killer bee stings you. x2
* * * LOW HITPOINT WARNING * * *
The killer bee stings you.
* * * LOW HITPOINT WARNING * * *
The killer bee closely misses you. The killer bee barely misses you.
You feel very sick. The killer bee closely misses you. x2
You feel sick.
The killer bee stings you but does no damage.
You barely miss the killer bee.
You feel sick. The killer bee closely misses you.
You hit the killer bee.
The killer bee is lightly wounded.
You feel sick.
The killer bee stings you but does no damage.
You closely miss the killer bee.
The killer bee is lightly wounded.
The killer bee stings you but does no damage.
The killer bee stings you.
* * * LOW HITPOINT WARNING * * *
You hit the killer bee.
The killer bee is lightly wounded.
You feel sick. The killer bee stings you!
You die...

#...########..##
#....#.........#
#....#.........#
#)...#.........#
#....#.........# ####
#...##....##'### #...
#...##....#.....
#...##y...+....#.....
#._.@yy...#....#.....
#...##....#....#.....
#... #'#########.....
#######............###
#..................#..
#..................#..
#..................#..
+..................#..
#..................#..


You could see 3 killer bees.

Vanquished Creatures
  A black bear (D:4)
  An ogre (D:4)
  A scorpion (D:4)
  A vampire bat (D:3)
  A jelly (D:3)
  A centaur skeleton (D:4)
  An iguana (D:4)
  7 gnolls
  A worm (D:3)
  2 dart slugs (D:3)
  An orc (D:3)
  11 bats
  6 endoplasms
  2 giant cockroaches
  6 goblins
  8 hobgoblins
  3 jackals (D:2)
  3 quokkas
  4 ball pythons
  5 frilled lizards
  4 kobolds
  2 rats
72 creatures vanquished.

Vanquished Creatures (others)
  A fungus (D:1)
  2 plants (D:1)
3 creatures vanquished.

Grand Total: 75 creatures vanquished

Notes
Turn   | Place    | Note
-------+----------+-------------------------------------------
     0 | D:1      | MiltankisOP the Vine Stalker Brigand began the quest for
                  | the Orb.
     0 | D:1      | Reached XP level 1. HP: 11/11 MP: 2/2
    47 | D:1      | Found a faded altar of an unknown god.
    79 | D:1      | Reached skill level 2 in Short Blades
   564 | D:1      | Reached XP level 2. HP: 15/15 MP: 3/3
  1002 | D:1      | Reached skill level 3 in Short Blades
  1152 | D:2      | Found an opulent altar of Gozag.
  1197 | D:2      | Reached XP level 3. HP: 13/18 MP: 4/4
  1501 | D:2      | Gained mutation: Your natural rate of healing is unusually
                  | fast. [Vine Stalker growth]
  1501 | D:2      | Reached XP level 4. HP: 7/23 MP: 1/5
  1558 | D:2      | Reached skill level 4 in Short Blades
  1998 | D:3      | Reached XP level 5. HP: 24/26 MP: 2/6
  2273 | D:3      | Reached skill level 5 in Short Blades
  2747 | D:4      | Noticed MiltankisOP's ghost (amateur MfTm)
  2750 | D:4      | Found a transporter.
  2766 | D:4      | Found a transporter.
  2799 | D:4      | Found Kuit's Assorted Antiques.
  2828 | D:4      | Reached XP level 6. HP: 30/30 MP: 7/7
  2902 | D:4      | Reached skill level 6 in Short Blades
  2970 | D:4      | Noticed a black bear
  2987 | D:4      | Killed a black bear
  2988 | D:4      | Reached XP level 7. HP: 30/34 MP: 5/8
  3084 | D:4      | Found a stormy altar of Qazlal.
  3107 | D:4      | Slain by a killer bee

Illustrated notes

Levels and vault maps discovered:
D:1:      minmay_arrival_shattered_statue, layout_rooms,
          shapermc_ecumenical_altar_mp_ritualfount
D:2:      layout_rooms, basic_altar, chequers_serial_rivers_marsh
D:3:      layout_basic, roderic_batcave, st_stairs_6
D:4:      layout_gridville, mainiacjoe_overflow_alcove_2,
          mainiacjoe_overflow_catwalk, gammafunk_ghost_arena, serial_shops,
          nicolae_stop_n_shop_2, minmay_between

Skill      XL: |  1  2  3  4  5  6 |
---------------+-------------------+-----
Short Blades   | 2 3 4 5 6 |  6.9
Fighting       | |  1.7
Throwing       | |  1.7
Dodging        | |  0.7
Stealth        | |  4.8

Action                   |  1- 3 |  4- 6 |  7- 9 || total
-------------------------+-------+-------+-------++-------
Melee: Dagger            |    88 |    81 |    28 ||   197
       Bite              |    25 |    18 |     8 ||    51
       Punch             |     1 |     2 |     1 ||     4
Throw: Dart              |       |    15 |       ||    15
  Use: Scroll            |       |       |     3 ||     3
 Stab: Sleeping          |     4 |    16 |       ||    20
Armor: Robe              |    14 |    53 |    20 ||    87
Dodge: Dodged            |    34 |    80 |    22 ||   136
